 Dungeon Crawl Stone Soup version 0.27-a0-1084-g78b3836a5f (console) character file.

Game seed: 6662983493281940455

155 nht the Insei (level 5, 0/37 HPs)
             Began as a Demonspawn Artificer on Apr 27, 2021.
             Was a Follower of Makhleb.
             Slain by a hound (6 damage)
             ... on level 4 of the Dungeon.
             The game lasted 00:04:54 (3051 turns).

nht the Insei (Demonspawn Artificer)                Turns: 3051, Time: 00:04:55

Health: 0/37       AC:  3    Str: 12    XL:     5   Next: 14%
Magic:  5/5        EV: 11    Int: 12    God:    Makhleb [*.....]
Gold:   118        SH:  4    Dex: 15    Spells: 4/4 levels left

rFire    . . .     SeeInvis +     - Unarmed
rCold    . . .     Faith    .   (no shield)
rNeg     . . .     Spirit   .   b - +0 leather armour
rPois    .         Reflect  .   (helmet restricted)
rElec    .         Harm     .   (no cloak)
rCorr    .         Rampage  .   (no gloves)
Will     .....                  (no boots)
Stlth    +.........             (no amulet)
HPRegen  0.12/turn              m - ring of see invisible
MPRegen  0.09/turn              (no ring)

@: no status effects
A: claws 1, horns 1, condensation shield
a: Renounce Religion


You were on level 4 of the Dungeon.
You worshipped Makhleb.
Makhleb was aware of your devotion.
You visited 1 branch of the dungeon, and saw 4 of its levels.

You collected 118 gold pieces.

Inventory:

Hand Weapons
 a - a +0 club
 f - a +0 short sword
Missiles
 n - 13 poisoned darts
Armour
 b - a +0 leather armour (worn)
 g - a +0 helmet
Magical Staves
 k - a staff of air
Jewellery
 m - a ring of see invisible (left claw)
Wands
 d - a wand of charming (15)
Scrolls
 i - a scroll of blinking {unknown}
 l - 4 scrolls of enchant weapon {unknown}
 p - a scroll of identify {unknown}
 q - a scroll of teleportation {unknown}
Potions
 h - a potion of might
Miscellaneous
 e - a piece from Xom's chessboard (9/15) (quivered)


   Skills:
 - Level 1.0 Fighting
 - Level 1.7 Armour
 - Level 0.8 Dodging
 - Level 0.8 Stealth
 + Level 4.0 Unarmed Combat
 - Level 3.5 Evocations


You had 4 spell levels left.
You didn't know any spells.
Your spell library was empty.

Dungeon Overview and Level Annotations

Branches:
Dungeon (4/15)
 Temple: D:4-7

Altars:
Dithmenos
Makhleb
Ru

Shops:
D:1 (

Annotations:
D:4 Grinder


Innate Abilities, Weirdness & Mutations

You have sharp fingernails.
You have a pair of small horns on your head.
A meltable shield of frost defends you. (SH +4)


Message History

The hound is moderately wounded.
The hound bites you.
* * * LOW HITPOINT WARNING * * *
You scratch the hound but do no damage.
The hound is moderately wounded.
The hound barely misses you. The hound bites you.
* * * LOW HITPOINT WARNING * * *
You scratch the hound.
The hound is moderately wounded.
The hound barely misses you.
Okay, then.
You make a move on Xom's chessboard...
The hound struggles to resist.
The hound barely misses you.
An endoplasm comes into view.
You make a move on Xom's chessboard...
The endoplasm quivers.
The endoplasm struggles to resist.
The hound bites you.
* * * LOW HITPOINT WARNING * * *
You block the hound's attack.
You make a move on Xom's chessboard...
The hound struggles to resist.
The hound closely misses you.
You make a move on Xom's chessboard...
The hound flickers and vanishes for a moment.
The hound misses you. You block the hound's attack.
You make a move on Xom's chessboard...
The hound falls asleep!
The helpless hound fails to defend itself.
You scratch the hound but do no damage.
You headbutt the hound, but do no damage.
The hound is moderately wounded.
The hound closely misses you. You block the hound's attack.
You make a move on Xom's chessboard...
The endoplasm is moving more slowly.
The hound barely misses you. The hound bites you.
* * * LOW HITPOINT WARNING * * *
An adder comes into view.
You are no longer corroded.
You block the endoplasm's attack. The hound bites you but does no damage.
The hound bites you.
You die... █)███

█.█.. █)█.█ █.█.█
█.█.██████.
..██.██..........
█..........████
..█..█.█.█.█ █.
█.█.█@█ █
█....h█████.██
.....█..J......█
.██.....█.█.......
█.█.█..███...█..
.██.█.█.██ ......
███████....█ █....
..... █...<......█
█.███ .....
█.██........ █.
....


You could see a hound (invisible) and an endoplasm (petrifying).

Vanquished Creatures
  An orc priest (D:4)
  A jelly (D:4)
  An orc wizard (D:4)
  An adder (D:3)
  A worm (D:2)
  2 orcs (D:4)
  9 endoplasms
  11 giant cockroaches
  4 goblins
  3 hobgoblins (D:2)
  3 jackals (D:1)
  3 kobolds
  A quokka (D:1)
  10 ball pythons
  2 bats
  A rat (D:3)
54 creatures vanquished.

Notes
Turn   | Place    | Note
-------+----------+-------------------------------------------
     0 | D:1      | nht the Demonspawn Artificer began the quest for the Orb.
     0 | D:1      | Reached XP level 1. HP: 15/15 MP: 1/1
    75 | D:1      | Found Fisar's Weapon Boutique.
   406 | D:1      | Gained mutation: You have sharp fingernails. [demonic
                  | ancestry]
   406 | D:1      | Reached XP level 2. HP: 21/21 MP: 2/2
   530 | D:1      | You fall into a shaft and drop 1 floor!
   544 | D:2      | Found a burning altar of Makhleb.
   555 | D:2      | Became a worshipper of Makhleb the Destroyer
   715 | D:2      | Reached skill level 1 in Unarmed Combat
  1082 | D:1      | Gained mutation: A meltable shield of frost defends you.
                  | (SH +4) [demonic ancestry]
  1082 | D:1      | Reached XP level 3. HP: 19/26 MP: 3/3
  1475 | D:1      | Reached skill level 2 in Unarmed Combat
  2398 | D:3      | Reached * piety under Makhleb
  2558 | D:3      | Reached XP level 4. HP: 32/32 MP: 4/4
  2742 | D:3      | Found a shadowy altar of Dithmenos.
  2742 | D:3      | Found a sacrificial altar of Ru.
  2774 | D:4      | Noticed Grinder
  2793 | D:4      | Reached skill level 3 in Unarmed Combat
  3036 | D:4      | Reached skill level 4 in Unarmed Combat
  3036 | D:4      | Gained mutation: You have a pair of small horns on your
                  | head. [demonic ancestry]
  3036 | D:4      | Reached XP level 5. HP: 18/37 MP: 5/5
  3051 | D:4      | Slain by a hound

Illustrated notes

Levels and vault maps discovered:
D:1:      amcnicky_arrival_blooded_trapdoor, layout_loops_ring, serial_shops,
          nicolae_shop_window_shopping
D:2:      minmay_roachtagon, layout_basic, basic_altar
D:3:      layout_rooms, gammafunk_temple_overflow_elements
D:4:      layout_loops_ring, okawaru_gym_becter, minmay_temple_entry_large_hall,
          uniq_grinder, uniq_eustachio

Skill      XL: |  1  2  3  4 |
---------------+-------------+-----
Unarmed Combat | 1 2 4 |  4.0
Fighting       | |  1.0
Armour         | |  1.7
Dodging        | |  0.8
Stealth        | |  0.8
Evocations     | |  3.5

Action                   |  1- 3 |  4- 6 || total
-------------------------+-------+-------++-------
Melee: Short sword       |    44 |       ||    44
       Unarmed           |   119 |    19 ||   138
       Punch             |     2 |       ||     2
       Headbutt          |       |     1 ||     1
Evoke: Wand              |     9 |     6 ||    15
       Piece from Xom's  |       |     9 ||     9
  Use: Potion            |       |     3 ||     3
 Stab: Sleeping          |     3 |     1 ||     4
       Paralysed         |       |     5 ||     5
Armor: Leather armour    |    46 |     2 ||    48
       Skin              |       |     7 ||     7
Dodge: Dodged            |    83 |    10 ||    93
Block: Other             |     4 |     5 ||     9

Table legend: (Time is in decaauts)
 A = Elapsed time spent in this place.
 B = Non-inter-level travel time spent in this place.
 C = Inter-level travel time spent in this place.
 D = Time resting spent in this place.
 E = Time spent auto-exploring this place.
 F = Levels seen in this place.
 G = Mean time per level.
                   A        B        C        D        E       F      G
               +--------+--------+--------+--------+--------+-----+--------+
         Total |   3053 |   2956 |     97 |    194 |   2317 |   4 |  763.2 |
       Dungeon |   3053 |   2956 |     97 |    194 |   2317 |   4 |  763.2 |
               +--------+--------+--------+--------+--------+-----+--------+

Top non-repeatable levels by time:
     D:2: 1128 daAuts
     D:1: 1113 daAuts
     D:3: 521 daAuts
     D:4: 289 daAuts
